 Dungeon Crawl Stone Soup version 0.31-a0-210-gccc998df9b (webtiles) character file.

Game seed: 2678972551299504240

175 qw the Shooter (level 5, 0/32 HPs)
             Began as a Gargoyle Hexslinger on June 29, 2023.
             Slain by an orc wizard
             ... wielding a +0 dagger
              (1 damage)
             ... on level 3 of the Dungeon.
             The game lasted 00:00:53 (1698 turns).

qw the Shooter (Gargoyle Hexslinger)                Turns: 1698, Time: 00:00:54

Health: 0/32       AC:  7    Str: 12    XL:     5   Next: 55%
Magic:  0/6        EV: 12    Int: 13    God:
Gold:   124        SH:  0    Dex: 14    Spells: 5/6 levels left

rFire   + . .        Y - +1 sling
rCold   + . .        (no shield)
rNeg    + . .        c - +0 robe
rPois   inf          (no helmet)
rElec   +            g - scarf {rC+ rF+}
rCorr   .            a - +0 pair of gloves
SInv    .            (no boots)
Will    .....        d - amulet of guardian spirit
Stlth   +            (no ring)
HPRegen 0.25/turn    (no ring)
MPRegen 0.10/turn

%: guardian spirit
@: no status effects
A: sickness immunity, AC +4, negative energy resistance 1, electricity
resistance, torment resistance 1, petrification resistance
a: no special abilities


You were on level 3 of the Dungeon.
You visited 1 branch of the dungeon, and saw 3 of its levels.

You collected 124 gold pieces.


Innate Abilities, Weirdness & Mutations

You are immune to sickness and miasma.
Your stone body is resilient. (AC +4)
You are immune to poison.
You resist negative energy. (rN+)
You are resistant to electric shocks. (rElec)
You are resistant to unholy torment.
You are immune to petrification.


   Skills:
 + Level 2.8 Fighting
 - Level 5.0 Ranged Weapons
 - Level 1.5 Dodging
 - Level 1.0 Spellcasting
 - Level 2.6 Hexes


You had 5 spell levels left.
You knew the following spells:

 Your Spells              Type           Power      Damage    Failure   Level
a - Slow                  Hex            28%        N/A       10%         1

Your spell library contained the following spells:

 Spells                   Type           Power      Damage    Failure   Level
 Inner Flame              Hex/Fire       4%         N/A       43%         3
 Portal Projectile        Hex/Tloc       8%         N/A       43%         3
 Cause Fear               Hex            3%         N/A       67%         4

Inventory:

Hand Weapons
 Y - a +1 sling (weapon)
Armour
 a - a +0 pair of gloves (worn)
 c - a +0 robe (worn)
 e - a +0 leather armour
 g - a scarf of resistance (worn)
Jewellery
 d - an amulet of guardian spirit (around neck)
Scrolls
 b - a scroll of fear {unknown}
 h - a scroll of identify
Potions
 f - a potion of mutation
 i - a potion of haste
 j - a potion of heal wounds {unknown}

Dungeon Overview and Level Annotations

Branches:
Dungeon (3/15)

Altars:

Annotations:
D:3 3 runed translucent doors


Message History

Something hits you but does no damage. x2
You shoot a sling bullet.
Something hits you but does no damage. x4
You shoot a sling bullet.
Something hits you but does no damage. x2
You shoot a sling bullet.
Something hits you but does no damage. x2
You shoot a sling bullet. Something hits you but does no damage.
You hear some strange, mumbled words.
A puff of flame appears from out of thin air!
The puff of flame misses you.
You shoot a sling bullet. Something hits you. x2
You shoot a sling bullet. Something hits you but does no damage.
Something hits you.
You shoot a sling bullet.
An orc wizard appears from thin air!
Reactivating autopickup.
You hear some strange, mumbled words.
A magic dart appears from out of thin air!
Deactivating autopickup; reactivate with Ctrl-A.
The magic dart hits you.
The orc wizard hits you but does no damage.
You shoot a sling bullet. The sling bullet hits the orc wizard.
The orc wizard is moderately wounded.
Something hits you but does no damage.
The orc wizard hits you with a +0 dagger.
The orc wizard gestures wildly while chanting.
The orc wizard flickers and vanishes!
You hear some strange, mumbled words.
Something tries to affect you, but you resist.
You shoot a sling bullet. Something hits you but does no damage.
You hear some strange, mumbled words.
A magic dart appears from out of thin air!
The magic dart hits you.
You shoot a sling bullet. Something hits you.
You die...

o.# #.# ...
#.# #.# #.#
###{# #.@{#
#.### #.# ...
#.#
....###.####
....>......#
......##.##.#
#.###.#..# #
#...#.#.###.#


There were no monsters in sight!

Vanquished Creatures
  An orc priest (D:3)
  An orc wizard (D:3)
  2 adders (D:2)
  3 gnolls (D:2)
  2 worms
  2 dart slugs
  5 orcs (D:3)
  3 endoplasms
  5 giant cockroaches (D:1)
  4 goblins
  4 hobgoblins
  2 jackals (D:2)
  3 kobolds (D:1)
  3 quokkas
  5 ball pythons
  6 bats
  3 frilled lizards
  6 rats
60 creatures vanquished.

Notes
Turn   | Place    | Note
-------+----------+-------------------------------------------
     0 | D:1      | qw the Gargoyle Hexslinger began the quest for the Orb.
     0 | D:1      | Reached XP level 1. HP: 12/12 MP: 2/2
     0 | D:1      | 0 ||| qw: Version: 0.3-a-24-g62f9e04
     0 | D:1      | 0 ||| qw: Game counter: 6657
     0 | D:1      | 0 ||| qw: Melee chars always use a shield: true
     0 | D:1      | 0 ||| qw: God list: Okawaru
     0 | D:1      | 0 ||| qw: Allow faded altars: false
     0 | D:1      | 0 ||| qw: Do Orc after clearing Dungeon:15 true
     0 | D:1      | 0 ||| qw: Do second Lair branch before Depths: true
     0 | D:1      | 0 ||| qw: Lair rune preference: random
     0 | D:1      | 0 ||| qw: Goals: Normal
     0 | D:1      | 0 ||| PLANNING D:1-11
    63 | D:1      | Found a faded altar of an unknown god.
   125 | D:1      | Reached XP level 2. HP: 16/16 MP: 3/3
   207 | D:1      | Reached skill level 3 in Ranged Weapons
   280 | D:1      | 280 ||| FLEEEEING.
   319 | D:1      | Reached XP level 3. HP: 21/21 MP: 4/4
   785 | D:1      | 785 ||| UPGRADING to scarf of resistance.
   790 | D:1      | 790 ||| READING scroll labelled AWUPPI GIGH.
   791 | D:1      | 791 ||| READING scroll labelled QOROAPA ZA DENT.
   792 | D:1      | 792 ||| READING 2 scrolls labelled SAEBYT ATYSKA.
   793 | D:1      | 793 ||| READING scroll labelled ZOEGOI OXTEI.
   797 | D:1      | 797 ||| DRINKING 2 orange potions.
   798 | D:1      | 798 ||| DROPPING scroll of poison.
   952 | D:2      | Reached XP level 4. HP: 13/26 MP: 5/5
   955 | D:2      | HP: 6/26 [gnoll/+0 club (2)]
   957 | D:2      | Reached skill level 4 in Ranged Weapons
  1434 | D:2      | 1434 ||| UPGRADING to +0 pair of gloves.
  1439 | D:2      | 1439 ||| UPGRADING to amulet of guardian spirit.
  1444 | D:2      | 1444 ||| READING scroll labelled VANLAN XEMAIM.
  1445 | D:2      | 1445 ||| READING scroll labelled ECLIECHERUO.
  1446 | D:2      | 1446 ||| READING 2 scrolls of identify.
  1446 | D:2      | 1446 ||| IDENTIFYING fuming amethyst potion
  1521 | D:3      | Reached XP level 5. HP: 30/30 MP: 6/6
  1562 | D:3      | Reached skill level 5 in Ranged Weapons
  1642 | D:3      | Found a runed translucent gate.
  1642 | D:3      | Found a runed translucent gate.
  1642 | D:3      | Found a runed translucent gate.
  1666 | D:3      | 1666 ||| Stepping ~*~*~tactically~*~*~ (outnumbered).
  1695 | D:3      | HP: 6/32 [something/magic dart (3)]
  1697 | D:3      | HP: 1/32 [something/magic dart (4)]
  1698 | D:3      | Slain by an orc wizard

Levels and vault maps discovered:
D:1:      saegor_arrival_simple_e, layout_rooms,
          dreamdust_ecumenical_altar_statues, roderic_serpentine_path,
          st_stairs_11, chequers_serial_rivers_large_a, minmay_octomino_j4
D:2:      layout_rooms
D:3:      layout_loops_cross, trog_butcher_becter, lemuel_doored_altar,
          gammafunk_ghost_icy

Skill      XL: |  1  2  3  4  5 |
---------------+----------------+-----
Ranged Weapons | 3 4 5 |  5.0
Fighting       | 2 |  2.8
Dodging        | |  1.5
Spellcasting   | |  1.0
Hexes          | |  2.6

Action                     |  1- 3 |  4- 6 || total
---------------------------+-------+-------++-------
   Fire: Sling             |   110 |   137 ||   247
    Use: Scroll            |     4 |     3 ||     7
         Potion            |     1 |       ||     1
 Armour: Robe              |    16 |    48 ||    64
  Dodge: Dodged            |    46 |    42 ||    88

Table legend:
 A = Non-vault XP
 B = Vault XP
 C = Vault XP percentage of total XP
 D = Non-vault monster count
 E = Vault monster count
 F = Vault count percentage of total count
                 A         B        C        D         E       F
            +---------+---------+-------+---------+---------+-------
      Total |     236 |      14 |   5.6 |      53 |       7 |  11.7
            +---------+---------+-------+---------+---------+-------
        D:1 |      35 |      14 |  28.6 |      24 |       7 |  22.6
        D:2 |      98 |       0 |   0.0 |      18 |       0 |   0.0
        D:3 |     103 |       0 |   0.0 |      11 |       0 |   0.0
            +---------+---------+-------+---------+---------+-------
